 Dungeon Crawl Stone Soup version 0.30-a0-726-gd89dcf765f (webtiles) character file.

Game seed: 15068789364637711826

1283 Darius099 the Conjurer (level 8, -3/52 HPs)
             Began as a Human Conjurer on Jan 30, 2023.
             Was an Initiate of Sif Muna.
             Shot with an arrow by a centaur (10 damage)
             ... on level 5 of the Dungeon.
             The game lasted 00:20:49 (6204 turns).

Darius099 the Conjurer (Human Conjurer)             Turns: 6204, Time: 00:20:50

Health: -3/52      AC:  2    Str:  4    XL:     8   Next: 84%
Magic:  13/17      EV: 13    Int: 21    God:    Sif Muna [......]
Gold:   312        SH:  0    Dex: 14    Spells: 13/19 levels left

rFire   . . .      SeeInvis +    m - +1 hammer of Armageddon {freeze, Will++ Str-3 Dex+2 SInv}
rCold   . . .      Faith    .    (no shield)
rNeg    . . .      Spirit   .    a - +0 robe
rPois   .          Reflect  .    (no helmet)
rElec   .          Harm     .    (no cloak)
rCorr   .          Rampage  .    (no gloves)
Will    ++...                    (no boots)
Stlth   ++                       (no amulet)
HPRegen 0.28/turn                (no ring)
MPRegen 0.15/turn                (no ring)

@: no status effects
A: no striking features
a: Renounce Religion


You were on level 5 of the Dungeon.
You worshipped Sif Muna.
Sif Muna was noncommittal.
You visited 2 branches of the dungeon, and saw 6 of its levels.

You collected 312 gold pieces.

Inventory:

Hand Weapons
 m - the +1 hammer of Armageddon (weapon) {freeze, Will++ Str-3 Dex+2 SInv}
   (You found it on level 2 of the Dungeon)

   Str:       It affects your strength (-3).
   Dex:       It affects your dexterity (+2).
   SInv:      It lets you see invisible.
   Will:      It greatly increases your willpower.
Armour
 a - a +0 robe (worn)
Magical Staves
 j - a staff of cold
 l - a staff of air
 w - a staff of earth
Wands
 s - a wand of roots (8)
Scrolls
 b - 2 scrolls of amnesia {unknown}
 d - a scroll of immolation {unknown}
 e - a scroll of butterflies {unknown}
 f - a scroll of enchant armour {unknown}
 g - a scroll of enchant weapon {unknown}
 n - 5 scrolls of magic mapping {unknown}
 o - 3 scrolls of teleportation {unknown}
 p - 2 scrolls of identify {unknown}
 t - a scroll of acquirement {unknown}
Potions
 c - a potion of curing
 h - a potion of lignification {unknown}
 i - a potion of degeneration {unknown}
 k - 2 potions of flight {unknown}
 q - 2 potions of might {unknown}
 r - 2 potions of heal wounds {unknown}
 u - a potion of brilliance {unknown}
 v - a potion of ambrosia {unknown}


   Skills:
 - Level 3.0 Dodging
 - Level 3.2 Stealth
 + Level 6.4 Spellcasting
 + Level 7.9 Conjurations


You had 13 spell levels left.
You knew the following spells:

 Your Spells              Type           Power      Damage    Failure   Level
a - Magic Dart            Conj           100%       1d8       1%          1
b - Searing Ray           Conj           78%        2d7       1%          2
c - Dazzling Flash        Conj/Hex       46%        N/A       5%          3

Your spell library contained the following spells:

 Spells                   Type           Power      Damage    Failure   Level
 Fulminant Prism          Conj/Hex       11%        3d9       19%         4
 Iskenderun's Mystic Bla  Conj/Tloc      23%        2d6       19%         4


Dungeon Overview and Level Annotations

Branches:
Dungeon (5/15)             Temple (1/1) D:5

Altars:
Cheibriados
Dithmenos
Elyvilon
Fedhas
Kikubaaqudgha
Makhleb
Okawaru
Ru
Sif Muna
Trog
Uskayaw
Vehumet
Wu Jian
Zin

Annotations:
D:2 1 runed translucent door, Crazy Yiuf


Message History

You kill the orc!
Sif Muna accepts your kill.
You start resting.
Magic restored.
You open the door.
Found a sling.
There is an open door here.
There is an open door here.
You see here a +0 hand axe.
There is an open door here.
There is an open door here.
There is an open door here.
You open the door.
A centaur comes into view.
The centaur shouts!
The centaur wields a +0 shortbow.
The centaur shoots an arrow.
The arrow misses you.
The centaur shoots an arrow.
The arrow barely misses you.
The centaur shoots an arrow.
The arrow hits you!
There is an open door, spattered with blood here.
The centaur shoots an arrow.
The arrow hits you!
The centaur shoots an arrow.
The arrow completely misses you.
The centaur shoots an arrow.
The arrow hits you!
The centaur shoots an arrow.
The arrow hits you.
The centaur shoots an arrow.
The arrow barely misses you.
Casting: Searing Ray (safe; 1% risk of failure)
Confirm with . or Enter, or press ? or * to list all spells.
Aiming: Searing Ray (safe; 1% risk of failure)
Press: ? - help, Shift-Dir - straight line, f - centaur
Aim: a centaur, wielding a +0 shortbow (88% to hit)
The searing ray hits the centaur!
The centaur is moderately wounded. (Press . to maintain the ray.)
The centaur shoots an arrow.
The arrow closely misses you.
The searing ray misses the centaur.
The centaur shoots an arrow.
The arrow barely misses you.
The centaur shoots an arrow.
The arrow hits you!
* * * LOW HITPOINT WARNING * * *
The searing ray hits the centaur.
The centaur is severely wounded.
The centaur shoots an arrow.
The arrow hits you!
You die...

##..##.⌠.##..##......#'###....'..
#..##+####..#......#..#.....#..
..... ..#......#..#.....#.. .....
..+......#..+.....#..
....#####......#'###.##.###
.........####.....##.##.###
.........#..#.....'........
......c..'..#.....#........
.........#@.#.....##.##.###
..############.....#.##.### #
#.....#....... #.....#.......
#.....###..### ###.>...######
#.....#..... #.....#....†
#.....#.....


You could see a centaur.

Vanquished Creatures
  A water moccasin (D:3)
  Duvessa (D:4)
  3 black bears
  A phantom (D:5)
  Blork the orc (D:4)
  A scorpion (D:5)
  Dowan (D:4)
  A howler monkey (D:5)
  A hound (D:5)
  2 jellies (D:5)
  2 orc priests (D:5)
  An iguana (D:4)
  An orc wizard (D:5)
  10 gnolls
  12 adders
  A white imp (D:4)
  4 worms
  4 dart slugs (D:4)
  5 orcs
  8 ball pythons
  5 bats
  6 endoplasms
  4 giant cockroaches
  4 goblins
  9 hobgoblins
  10 jackals
  2 quokkas
  3 frilled lizards
  8 kobolds
  2 rats
114 creatures vanquished.

Notes
Turn   | Place    | Note
-------+----------+-------------------------------------------
     0 | D:1      | Darius099 the Human Conjurer began the quest for the Orb.
     0 | D:1      | Reached XP level 1. HP: 13/13 MP: 3/3
   272 | D:1      | Reached XP level 2. HP: 5/19 MP: 0/5
   599 | D:1      | Reached XP level 3. HP: 17/24 MP: 1/6
  1174 | D:2      | Learned a level 2 spell: Searing Ray
  1178 | D:2      | Learned a level 3 spell: Dazzling Flash
  1273 | D:2      | Reached XP level 4. HP: 30/30 MP: 1/7
  1459 | D:2      | Found an ancient bone altar of Kikubaaqudgha.
  1662 | D:2      | Found a faded altar of an unknown god.
  1846 | D:2      | Reached XP level 5. HP: 35/35 MP: 4/9
  2340 | D:2      | Identified the +1 hammer of Armageddon {freeze, Will++
                  | Str-3 Dex+2 SInv}
  2368 | D:2      | Found a runed translucent door.
  2369 | D:2      | Noticed Crazy Yiuf
  3078 | D:3      | Noticed a black bear
  3129 | D:3      | Found an ornate altar of the Wu Jian Council.
  3135 | D:3      | Noticed a spectral centipede
  3135 | D:3      | Noticed a spectral black mamba
  3135 | D:3      | Noticed a spectral cane toad
  3166 | D:3      | Noticed a water moccasin
  3181 | D:3      | Killed a water moccasin
  3182 | D:3      | Reached skill level 5 in Conjurations
  3182 | D:3      | Reached XP level 6. HP: 20/41 MP: 2/11
  3334 | D:3      | Killed a black bear
  3335 | D:3      | Reached XP level 7. HP: 38/46 MP: 4/13
  3635 | D:3      | Reached skill level 6 in Conjurations
  4021 | D:4      | Noticed Duvessa
  4021 | D:4      | Noticed Dowan
  4030 | D:4      | Killed Duvessa
  4032 | D:4      | Killed Dowan
  4033 | D:4      | Reached skill level 5 in Spellcasting
  4394 | D:4      | Noticed Blork the orc
  4398 | D:4      | Killed Blork the orc
  4399 | D:4      | Reached XP level 8. HP: 47/52 MP: 9/15
  4626 | D:4      | Reached skill level 7 in Conjurations
  4926 | D:5      | Entered Level 5 of the Dungeon
  5856 | D:5      | Found a staircase to the Ecumenical Temple.
  5861 | Temple   | Entered the Ecumenical Temple
  5936 | Temple   | Became a worshipper of Sif Muna the Loreminder
  6204 | D:5      | Shot with an arrow by a centaur

Illustrated notes

Levels and vault maps discovered:
D:1:      roderic_dead_forest, layout_rooms
D:2:      layout_loops_ring, basic_altar, chequers_ecumenical_altar_simple,
          uniq_crazy_yiuf_cottage
D:3:      layout_basic, pdpol_wu_jian_five_deadly_venoms, hex_tiny,
          minmay_misc_feat_ornament
D:4:      layout_rooms, roderic_lattice_a, kennysheep_cluttered_room,
          kennysheep_generic_room_14, uniq_duvessa, uniq_blork_the_orc
D:5:      layout_gridville, temple_doors_e, minmay_hedge_maze,
          grunt_decor_arrowhead, uniq_sigmund
Temple:   nicolae_temple_hex_pool

Skill      XL: |  1  2  3  4  5  6  7  8 |
---------------+-------------------------+-----
Stealth        | 3 |  3.2
Dodging        | 3 |  3.0
Spellcasting   | 3 4 5 6 |  6.4
Conjurations   | 5 6 7 |  7.9

Action                     |  1- 3 |  4- 6 |  7- 9 || total
---------------------------+-------+-------+-------++-------
  Melee: Unarmed           |    29 |       |       ||    29
         Dagger            |    18 |       |       ||    18
         Mace              |       |    18 |     1 ||    19
   Cast: Magic Dart        |    74 |    79 |    47 ||   200
         Searing Ray       |       |     8 |    42 ||    50
    Use: Potion            |       |     1 |     2 ||     3
 Armour: Robe              |     8 |    21 |     5 ||    34
  Dodge: Dodged            |    47 |    50 |    61 ||   158

Table legend: (Time is in decaauts)
 A = Elapsed time spent in this place.
 B = Non-inter-level travel time spent in this place.
 C = Inter-level travel time spent in this place.
 D = Time resting spent in this place.
 E = Time spent auto-exploring this place.
 F = Levels seen in this place.
 G = Mean time per level.
                   A        B        C        D        E       F      G
               +--------+--------+--------+--------+--------+-----+--------+
         Total |   6215 |   6020 |    195 |   2146 |   2141 |   6 | 1035.8 |
       Dungeon |   6118 |   5923 |    195 |   2146 |   2080 |   5 | 1223.6 |
        Temple |     96 |     96 |      0 |      0 |     61 |   1 |   96.0 |
               +--------+--------+--------+--------+--------+-----+--------+

Top non-repeatable levels by time:
     D:2: 1569 daAuts
     D:3: 1255 daAuts
     D:5: 1181 daAuts
     D:1: 1062 daAuts
     D:4: 1049 daAuts
  Temple: 96 daAuts
